 Dungeon Crawl Stone Soup version 0.29-a0-923-g6e406bff71 (webtiles) character file.

Game seed: 11193831195057831884

51697 2tc the Basher (level 14, -4/92 HPs)
             Began as a Gargoyle Monk on July 28, 2022.
             Was a High Priest of Makhleb.
             Slain by a spriggan rider
             ... wielding the +7 mace "Zigah" {freeze, *Rage rCorr Int+5}
              (29 damage)
             ... on level 2 of the Swamp.
             The game lasted 01:36:59 (17351 turns).

2tc the Basher (Gargoyle Monk)                     Turns: 17351, Time: 01:37:00

Health: -4/92      AC: 15    Str: 18    XL:     14   Next: 60%
Magic:  23/23      EV: 20    Int: 11    God:    Makhleb [*****.]
Gold:   917        SH:  0    Dex: 14    Spells: 13/13 levels left

rFire   . . .      SeeInvis .   E - +2 whip (elec)
rCold   . . .      Faith    .   (no shield)
rNeg    + . .      Spirit   .   b - +1 robe
rPois   ∞          Reflect  .   D - +0 helmet
rElec   +          Harm     .   I - scarf {repulsion}
rCorr   .          Rampage  .   (no gloves)
Will    ++...                   (no boots)
Stlth   ++........              m - amulet of regeneration
HPRegen 1.05/turn               i - +4 ring of evasion
MPRegen 0.18/turn               Q - ring of willpower

@: flying, repel missiles
A: sickness immunity, AC +10, big wings, negative energy resistance 1,
electricity resistance, torment resistance 1, petrification resistance
a: Renounce Religion, Minor Destruction, Lesser Servant of Makhleb, Major
Destruction, Greater Servant of Makhleb


You were on level 2 of the Swamp.
You worshipped Makhleb.
Makhleb was extremely pleased with you.
You visited 5 branches of the dungeon, and saw 21 of its levels.
You also visited: Ossuary.

You collected 1205 gold pieces.
You spent 288 gold pieces at shops.

Inventory:

Hand Weapons
 o - a +3 whip of venom
 y - the +5 mace of the Lettuce {freeze, Fragile rF+++ Str+5 Dex-5}
   (You bought it in a shop on level 6 of the Dungeon)

   It freezes those it strikes, dealing additional cold damage.
   It can also slow down cold-blooded creatures.
   Str:       It affects your strength (+5).
   Dex:       It affects your dexterity (-5).
   rF:        It renders you almost immune to fire.
   Fragile:   It will be destroyed if unequipped.
 E - a +2 whip of electrocution (weapon)
Armour
 b - a +1 robe (worn)
 l - a +0 leather armour
 t - a +2 kite shield
 D - a +0 helmet (worn)
 I - a scarf of repulsion (worn)
Jewellery
 a - an amulet of the acrobat
 i - a +4 ring of evasion (left hand)
 k - a ring of flight
 m - an amulet of regeneration (around neck)
 p - a ring of magical power
 s - a +6 ring of strength
 u - the ring "Hixtoarch" {Ice rN+ rCorr MP-9 Dex+4}
   (You found it on level 2 of the Swamp)

   [ring of ice]

   It enhances your ice magic.
   Dex:       It affects your dexterity (+4).
   rF:        It makes you vulnerable to fire.
   rC:        It protects you from cold.
   rN:        It protects you from negative energy.
   MP:        It affects your magic capacity (-9).
   rCorr:     It protects you from acid and corrosion.
 J - a ring of protection from cold
 Q - a ring of willpower (right hand)
 S - a +6 ring of strength
Wands
 n - a wand of iceblast (12)
 L - a wand of mindburst (5)
 R - a wand of flame (5)
Scrolls
 d - 13 scrolls of teleportation
 f - a scroll of silence
 q - 2 scrolls of butterflies
 w - 5 scrolls of identify
 x - 2 scrolls of enchant armour
 F - 4 scrolls of enchant weapon
 H - 2 scrolls of magic mapping
 N - a scroll of amnesia
 P - 2 scrolls of fear {unknown}
Potions
 c - a potion of ambrosia
 e - 3 potions of curing
 g - 3 potions of brilliance
 h - 5 potions of resistance
 j - 2 potions of attraction
 r - 9 potions of magic
 v - 4 potions of invisibility
 z - 5 potions of berserk rage
 A - 6 potions of mutation
 B - 4 potions of flight
 C - 2 potions of haste
 G - 4 potions of cancellation
 M - a potion of lignification
 O - a potion of might


   Skills:
 - Level 12.0 Fighting
 - Level 14.0 Maces & Flails
 - Level 5.0 Armour
 - Level 10.0 Dodging
 - Level 2.1 Stealth
 - Level 10.0 Shields
 * Level 12.0 Invocations


You had 13 spell levels left.
You didn't know any spells.
Your spell library contained the following spells:

 Spells                   Type           Power      Damage    Failure   Level
 Apportation              Tloc           0%         N/A       34%         1
 Necrotise                Necr           0%         1d4       34%         1
 Sandblast                Erth           0%         2d4       34%         1
 Shock                    Conj/Air       0%         1d3       34%         1
 Summon Small Mammal      Summ           0%         N/A       34%         1
 Ensorcelled Hibernation  Hex/Ice        0%         N/A       47%         2
 Passwall                 Tmut/Erth      0%         N/A       47%         2
 Spider Form              Tmut/Pois      0%         N/A       71%         3
 Stone Arrow              Conj/Erth      0%         3d7       71%         3
 Swiftness                Air            0%         N/A       71%         3
 Airstrike                Air            0%         0-1+      98%         4
 Anguish                  Hex/Necr       0%         N/A       98%         4
 Blade Hands              Tmut           0%         N/A       100%        5
 Irradiate                Conj/Tmut      0%         3d11      100%        5
 Dragon Form              Tmut           0%         N/A       100%        7


Dungeon Overview and Level Annotations

Branches:
Dungeon (13/15)            Temple (1/1) D:7            Lair (4/5) D:8
  Swamp (2/4) Lair:2       Spider (0/4) Lair:2          Orc (1/2) D:12
Ossuary (visited)
  Slime: Lair:4-5    Vaults: D:13-14

Altars:
Ashenzari
Cheibriados
Dithmenos
Elyvilon
Fedhas
Gozag
Hepliaklqana
Kikubaaqudgha
Makhleb
Nemelex Xobeh
Okawaru
Qazlal
Ru
Sif Muna
Trog
Uskayaw
Vehumet
Wu Jian
Xom
Yredelemnul
Zin
The Shining One

Shops:
D:5 (*   D:6 (   Orc:1 :

Annotations:
D:4 2 runed translucent doors, twist's ghost, amateur OpTm
D:6 Maggie
D:9 3 runed translucent doors, passata's ghost, novice FoHu
D:12 3 runed translucent doors, Ataumnicw's ghost, journeyman SpEn
Lair:1 3 runed translucent doors, Toastz's ghost, journeyman HOAK
Lair:3 1 runed translucent door, sphynx's ghost, journeyman FoFi
Swamp:2 1 runed translucent door, Ajdolov's ghost, adept VSFi
Orc:1 Gastronok


Innate Abilities, Weirdness & Mutations

You are immune to sickness and miasma.
Your stone body is resilient. (AC +10)
You are immune to poison.
Your large and strong wings let you fly.
You resist negative energy. (rN+)
You are resistant to electric shocks. (rElec)
You are resistant to unholy torment.
You are immune to petrification.


Message History

Okay, then.
Magic restored.
You swap places.
You hear a whirring sound.
A sling bullet appears from out of your range of vision.
You hear a shout!
A spriggan rider comes into view. It is wielding a +0 sling.
The spriggan rider shoots a sling bullet.
The sling bullet hits you.
The spriggan rider shoots a sling bullet.
The sling bullet barely misses you.
You hear a shout!
You hear a hideous shriek!
You closely miss the spriggan rider.
The spriggan rider unwields a +0 sling.
The spriggan rider wields the +7 mace "Zigah" {freeze, *Rage rCorr Int+5}.
It glows with a cold blue light!
The spriggan rider goes berserk!
The spriggan rider hits you with the +7 mace "Zigah" {freeze, *Rage rCorr Int+5}!!!
The spriggan rider freezes you!
You hear a shout!
You hit the spriggan rider.
The spriggan rider is lightly wounded.
A spriggan rider comes into view. It is wielding a +0 flail.
You barely miss the spriggan rider.
The spriggan rider is lightly wounded.
The spriggan rider hits you with the +7 mace "Zigah" {freeze, *Rage rCorr Int+5}!!
* * * LOW HITPOINT WARNING * * *
The spriggan rider freezes you!
* * * LOW HITPOINT WARNING * * *
You feel much better.
The spriggan rider completely misses you.
Your hellwing misses the spriggan rider.
The spriggan rider blocks your hellwing's attack.
The spriggan rider completely misses you.
Okay, then.
Okay, then.
As you read the scroll of butterflies, it crumbles to dust.
You hear the tinkle of a tiny bell.
The spriggan rider hits your hellwing with a +0 flail!
The spriggan rider hits you with the +7 mace "Zigah" {freeze, *Rage rCorr Int+5}!!
You die...

♣≈..≈≈≈...≈ ≈≈..
♣≈♣♣≈≈≈≈≈≈. ..≈.
♣♣♣♣♣♣♣♣♣≈..≈≈≈. .≈.≈≈
♣♣♣..†....♣♣♣♣≈≈≈≈
≈.≈≈.♣♣.....♣.....♣♣.≈≈≈
..≈.....♣..♣♣♣..♣...≈...
≈..≈.bibb.♣♣ ♣♣..(...♣^≈
.....bi4♣b.♣♣♣..♣...♣♣.§
...♣♣@bb..♣.....♣♣♣...
≈≈ ♣♣♣b......♣♣♣ ♣♣..
♣♣♣♣♣♣♣♣♣ ♣.≈ ♣≈≈ ♣≈≈.
♣♣§. ♣≈≈


You could see 2 spriggan riders and a friendly hellwing (summoned).

Vanquished Creatures
  Kirke (Swamp:1)
  A fenstrider witch (Swamp:2)
  A bunyip (Swamp:1)
  A shambling mangrove (Swamp:2)
  A boulder beetle (Lair:4)
  2 hydras
  A centaur warrior (D:12)
  A catoblepas (Lair:4)
  An alligator (Swamp:2)
  A two-headed ogre (D:10)
  3 death yaks (Lair:3)
  A swamp dragon (Swamp:2)
  A spriggan druid (Swamp:1)
  Pikel (D:8)
  A bog body (Swamp:1)
  2 ugly things (D:12)
  A manticore (D:13)
  5 cyclopes
  14 elephants
  6 black mambas
  3 cane toads
  2 gargoyles
  Psyche (D:8)
  A demonic crawler (D:12)
  4 komodo dragons
  2 polar bears
  3 trolls
  2 tyrant leeches (Swamp:2)
  3 hornets
  Prince Ribbit (D:8)
  5 blink frogs (Lair:4)
  A wraith (D:11)
  5 wyverns
  A vampire (D:10)
  4 spriggans
  36 yaks
  6 vampire mosquitoes (D:11)
  Menkaure (D:7)
  5 swamp worms
  3 acid dragons
  14 water moccasins
  A sky beast (D:7)
  4 ice beasts
  2 black bears
  3 orc warriors (Orc:1)
  2 centaurs (D:9)
  8 ogres
  5 wolves (Lair:3)
  5 kobold brigands
  2 lemures (D:8)
  A phantom (D:6)
  9 bullfrogs
  2 necrophages
  2 gnoll sergeants (D:12)
  13 scorpions
  11 wights
  7 killer bees
  4 howler monkeys
  8 electric eels
  3 hounds (D:6)
  2 centaur zombies (Ossuary)
  A human zombie (Ossuary)
  2 jellies
  7 orc priests
  An iguana (D:5)
  5 scorpion zombies (Ossuary)
  8 orc wizards
  3 mummies (Ossuary)
  7 gnolls
  6 adders
  A shadow imp (D:8)
  2 ufetubi
  2 worms (D:4)
  A dart slug (D:2)
  60 orcs
  7 ball pythons
  10 bats
  11 endoplasms
  4 giant cockroaches
  3 gnoll zombies (Ossuary)
  10 goblins
  6 hobgoblins
  5 jackals (D:2)
  15 kobolds
  4 quokkas
  2 goblin zombies (Ossuary)
  3 hobgoblin zombies (Ossuary)
  2 orc zombies (Ossuary)
  4 rats (D:1)
435 creatures vanquished.

Vanquished Creatures (collateral kills)
  An eleionoma (Swamp:1)
  3 hydras
  A death yak (Lair:3)
  Urug (Lair:2)
  A swamp dragon (Swamp:1)
  A spriggan druid (Swamp:1)
  A bog body (Swamp:2)
  A manticore (D:13)
  An efreet (D:11)
  A bloated husk (Swamp:1)
  A hornet (Swamp:1)
  A basilisk (D:12)
  2 spriggans (Swamp:1)
  A wyvern (D:8)
  A yak (D:8)
  3 swamp worms (Swamp:2)
  4 orc warriors
  A wolf (Lair:3)
  An ogre (D:12)
  2 bullfrogs (Lair:3)
  A necrophage (D:8)
  An orc priest (Orc:1)
  2 gnolls (D:12)
  10 orcs
43 creatures vanquished.

Vanquished Creatures (others)
  A goliath frog (Swamp:1)
  A bloated husk (Swamp:2)
  A swamp worm (Swamp:2)
  29 fungi
  65 plants
97 creatures vanquished.

Grand Total: 575 creatures vanquished

Notes
Turn   | Place    | Note
-------+----------+-------------------------------------------
     0 | D:1      | 2tc the Gargoyle Monk began the quest for the Orb.
     0 | D:1      | Reached XP level 1. HP: 14/14 MP: 1/1
   331 | D:1      | Found a faded altar of an unknown god.
   338 | D:1      | Reached XP level 2. HP: 14/19 MP: 2/2
   347 | D:1      | Prayed at the altar of an unknown god.
   347 | D:1      | Became a worshipper of Makhleb the Destroyer
   347 | D:1      | Reached * piety under Makhleb
   347 | D:1      | Reached ** piety under Makhleb
   710 | D:1      | Reached skill level 4 in Maces & Flails
   717 | D:1      | Reached *** piety under Makhleb
   841 | D:1      | Reached XP level 3. HP: 23/23 MP: 3/3
  1292 | D:2      | Reached XP level 4. HP: 28/28 MP: 4/4
  1629 | D:3      | Reached skill level 5 in Maces & Flails
  2083 | D:3      | Reached **** piety under Makhleb
  2094 | D:3      | Reached XP level 5. HP: 28/32 MP: 5/5
  2449 | D:3      | You fall into a shaft and drop 1 floor!
  2451 | D:4      | Found a snail-covered altar of Cheibriados.
  2541 | D:4      | Found a large runed translucent door.
  2590 | D:4      | Reached skill level 6 in Maces & Flails
  2685 | D:4      | Reached XP level 6. HP: 14/37 MP: 6/6
  3075 | D:4      | Found a broken altar of Ashenzari.
  3167 | D:4      | Found a large runed translucent door.
  3171 | D:4      | Noticed twist's ghost (amateur OpTm)
  3289 | D:4      | Found a sacrificial altar of Ru.
  3443 | D:5      | Entered Level 5 of the Dungeon
  3504 | D:5      | Found a sand-covered staircase.
  3510 | Ossuary  | Entered an ossuary
  3533 | Ossuary  | Reached skill level 7 in Maces & Flails
  3587 | Ossuary  | Reached XP level 7. HP: 41/41 MP: 7/7
  3613 | Ossuary  | Reached skill level 8 in Maces & Flails
  3730 | Ossuary  | Reached skill level 9 in Maces & Flails
  3762 | Ossuary  | Reached XP level 8. HP: 46/46 MP: 8/8
  3826 | Ossuary  | Reached ***** piety under Makhleb
  3849 | Ossuary  | Reached skill level 10 in Maces & Flails
  4063 | D:5      | Reached skill level 11 in Maces & Flails
  4127 | D:5      | Found Lequ's Mayhem Merchandise.
  4203 | D:5      | Reached XP level 9. HP: 51/51 MP: 9/9
  4346 | D:5      | Found Pepsut's Weapon Shop.
  4528 | D:5      | Reached skill level 12 in Maces & Flails
  4580 | D:5      | Reached skill level 1 in Invocations
  4669 | D:6      | Found an iron altar of Okawaru.
  4751 | D:6      | Noticed Maggie
  4961 | D:6      | Reached skill level 5 in Invocations
  4969 | D:6      | Found Aherr's Antique Weapon Shop.
  4983 | D:6      | Bought a smoking mace for 288 gold pieces
  4983 | D:6      | Identified the +5 mace of the Lettuce {freeze, Fragile
                  | rF+++ Str+5 Dex-5} (You bought it in a shop on level 6 of
                  | the Dungeon)
  5019 | D:6      | Reached skill level 1 in Armour
  5523 | D:7      | Found an ornate altar of the Wu Jian Council.
  5774 | D:7      | Reached skill level 5 in Armour
  5939 | D:7      | Found a staircase to the Ecumenical Temple.
  5954 | Temple   | Entered the Ecumenical Temple
  6619 | D:7      | Noticed Menkaure
  6665 | D:7      | Killed Menkaure
  6666 | D:7      | Reached XP level 10. HP: 56/56 MP: 13/13
  6835 | D:8      | Reached skill level 5 in Dodging
  6900 | D:8      | Noticed Prince Ribbit
  6910 | D:8      | Killed Prince Ribbit
  6938 | D:8      | Noticed Pikel
  6951 | D:8      | Killed Pikel
  6952 | D:8      | Reached skill level 5 in Fighting
  6957 | D:8      | Found a staircase to the Lair.
  6957 | D:8      | Noticed Psyche
  6968 | D:8      | Killed Psyche
  7528 | D:8      | Reached XP level 11. HP: 60/64 MP: 15/17
  7964 | D:9      | Reached ****** piety under Makhleb
  7983 | D:9      | Reached skill level 10 in Invocations
  8047 | D:9      | Reached skill level 1 in Shields
  8245 | D:9      | Found a runed translucent gate.
  8246 | D:9      | Found a runed translucent gate.
  8247 | D:9      | Found a runed translucent gate.
  8247 | D:9      | Noticed a boulder beetle
  8253 | D:9      | Noticed a deep elf pyromancer
  8259 | D:9      | Noticed a two-headed ogre
  8270 | D:9      | Noticed passata's ghost (novice FoHu)
  8468 | D:10     | Entered Level 10 of the Dungeon
  8784 | D:10     | Reached skill level 5 in Shields
  8905 | D:10     | Noticed a two-headed ogre
  9104 | D:10     | Killed a two-headed ogre
  9338 | D:11     | Noticed a cyclops
  9348 | D:11     | Killed a cyclops
  9725 | D:11     | Identified the +10 scimitar "Gram" {flame, *Slow Str+5
                  | Int+3}
  9777 | D:11     | Noticed a cyclops
  9785 | D:11     | Killed a cyclops
  9899 | D:11     | Reached XP level 12. HP: 39/70 MP: 19/19
 10283 | Lair:1   | Entered Level 1 of the Lair of Beasts
 10497 | Lair:1   | Found a runed translucent gate.
 10497 | Lair:1   | Found a runed translucent gate.
 10498 | Lair:1   | Found a runed translucent gate.
 10501 | Lair:1   | Noticed Toastz's ghost (journeyman HOAK)
 10502 | Lair:1   | Noticed an 11-headed hydra
 10504 | Lair:1   | Noticed an 11-headed hydra
 11237 | Lair:2   | Noticed an eight-headed hydra
 11238 | Lair:2   | Noticed Urug
 11421 | Lair:2   | Killed Urug
 11874 | Lair:2   | Found a hole to the Spider Nest.
 11876 | Lair:2   | Found a staircase to the Swamp.
 12109 | Lair:2   | Killed an eight-headed hydra
 12241 | Lair:3   | Noticed a death yak
 12241 | Lair:3   | Noticed a death yak
 12322 | Lair:3   | Reached skill level 10 in Dodging
 12526 | Lair:3   | Noticed a death yak
 12528 | Lair:3   | Noticed a death yak
 12557 | Lair:3   | Killed a death yak
 12573 | Lair:3   | Killed a death yak
 12589 | Lair:3   | Killed a death yak
 12590 | Lair:3   | Reached XP level 13. HP: 48/78 MP: 20/20
 12726 | Lair:3   | Found a runed translucent door.
 12727 | Lair:3   | Found a shimmering altar of Xom.
 12727 | Lair:3   | Noticed sphynx's ghost (journeyman FoFi)
 12728 | Lair:3   | Identified the +10 long sword of Johymenn {chaos, rC+
                  | Will+}
 13542 | Lair:4   | Reached skill level 10 in Fighting
 13897 | Lair:4   | Reached skill level 10 in Shields
 15576 | D:12     | Found a staircase to the Orcish Mines.
 15719 | D:12     | Found a runed translucent gate.
 15719 | D:12     | Found a runed translucent gate.
 15720 | D:12     | Found a runed translucent gate.
 15722 | D:12     | Noticed Ataumnicw's ghost (journeyman SpEn)
 15726 | D:12     | Found an iron altar of Okawaru.
 15773 | D:13     | Gained mutation: Your large and strong wings let you fly.
                  | [Gargoyle growth]
 15773 | D:13     | Reached XP level 14. HP: 92/92 MP: 21/21
 15857 | Orc:1    | Entered Level 1 of the Orcish Mines
 15884 | Orc:1    | Found Ystrutyoh's Self-Improvement Boutique.
 16069 | Orc:1    | Noticed Gastronok
 16082 | Orc:1    | Reached skill level 13 in Maces & Flails
 16304 | Swamp:1  | Entered Level 1 of the Swamp
 16380 | Swamp:1  | Noticed an eleionoma
 16391 | Swamp:1  | Killed an eleionoma
 16629 | Swamp:1  | Reached skill level 14 in Maces & Flails
 16684 | Swamp:1  | Noticed Kirke
 16710 | Swamp:1  | Killed Kirke
 17101 | Swamp:2  | Found a runed translucent door.
 17101 | Swamp:2  | Noticed Ajdolov's ghost (adept VSFi)
 17106 | Swamp:2  | Noticed a fenstrider witch
 17142 | Swamp:2  | Killed a fenstrider witch
 17214 | Swamp:2  | Identified the ring "Hixtoarch" {Ice rN+ rCorr MP-9 Dex+4}
 17343 | Swamp:2  | Identified the +7 mace "Zigah" {freeze, *Rage rCorr Int+5}
 17349 | Swamp:2  | HP: 4/92 [spriggan rider/the +7 mace "Zigah" {freeze, *Rage
                  | rCorr Int+5} (11)]
 17351 | Swamp:2  | Slain by a spriggan rider

Illustrated notes

Levels and vault maps discovered:
D:1:      nzn_arrival_settlement, layout_rooms, shapermc_ecumenical_altar_venn,
          minmay_misc_feat_more_columns
D:2:      layout_rooms
D:3:      layout_rooms, nicolae_figureground_pulse
D:4:      layout_cave_pools, old_standard_altar, nicolae_ru_awakened_eye,
          cheibrodos_worm_habitat, ebering_ghost_disaster_area
D:5:      black_bear_nest_2, layout_cave_pods, serial_shops, shop,
          nicolae_ossuary_entry_plus, minmay_shop_mayhem
D:6:      layout_gridville, okawaru_trees_2, serial_shops, shop, uniq_maggie
D:7:      layout_layer_cave, old_standard_altar, minmay_temple_entry_offerings,
          uniq_menkaure
D:8:      layout_loops_ring, dpeg_oklobed_lair, minivault_25,
          serial_bayou_lake_a, uniq_pikel, uniq_prince_ribbit1, uniq_psyche
D:9:      layout_irregular_city, gammafunk_ghost_split, moated_statue
D:10:     layout_rooms
D:11:     layout_basic
D:12:     layout_cave_pods, kennysheep_orc_monster_closet_entryway,
          gammafunk_ghost_fury_of_okawaru, worms_lemuel
D:13:     layout_loops_ring, erik_vaults_2, uniq_frances
Temple:   minmay_temple_bridge_d
Lair:1:   layout_cave_pods, gammafunk_ghost_hydra_chop,
          nicolae_quartered_pool_super, serial_bayou_shore_a,
          infiniplex_staircase_pool, serial_bayou_shore_b
Lair:2:   layout_roguey, swamp_mist, dummy_spider_entry, uniq_urug
Lair:3:   layout_regular_city, ebering_ghost_xom
Lair:4:   layout_loops_ring, wad_woods_06, serial_bayou_pond_b
Swamp:1:  layout_basic_swamp, evilmike_swamp_ruin_house_2, uniq_kirke
Swamp:2:  nicolae_swamp_ascending_descending, layout_falls_marsh,
          hellmonk_ghost_happy_afterlife, nicolae_swamp_tree_designs,
          swamp_pool5
Orc:1:    emtedronai_trogs_sanctum, layout_caves, nicolae_specific_store,
          nicolae_shop_self_help, uniq_gastronok

Skill      XL: |  1  2  3  4  5  6  7  8  9 10 11 12 13 14 |
---------------+-------------------------------------------+-----
Maces & Flails | 4 5 6 7 9 11 12 14 | 14.0
Invocations    | 5 8 10 12 | 12.0
Armour         | 5 |  5.0
Dodging        | 3 5 6 10 | 10.0
Fighting       | 6 8 12 | 12.0
Shields        | 8 10 | 10.0
Stealth        | |  2.1

Action                   |  1- 3 |  4- 6 |  7- 9 | 10-12 | 13-15 || total
-------------------------+-------+-------+-------+-------+-------++-------
Melee: Mace              |    95 |       |       |       |       ||    95
       Whip              |    28 |   264 |   426 |   797 |   720 ||  2235
       Punch             |     1 |       |     6 |    11 |    11 ||    29
Invok: Minor Destruction |       |     1 |     8 |   116 |    68 ||   193
       Major Destruction |       |       |       |    10 |     7 ||    17
       Lesser Servant of |       |       |       |     7 |    22 ||    29
       Greater Servant o |       |       |       |     1 |     1 ||     2
Evoke: Wand              |       |       |       |    16 |    27 ||    43
  Use: Scroll            |     3 |     9 |     8 |     9 |     3 ||    32
       Potion            |       |     1 |     1 |    11 |     2 ||    15
 Stab: Sleeping          |     2 |     1 |     5 |     2 |     2 ||    12
       Distracted        |       |     1 |       |     4 |     3 ||     8
       Petrified         |       |       |       |       |    11 ||    11
Armor: Robe              |    45 |    51 |    68 |   130 |   138 ||   432
Dodge: Dodged            |   137 |   204 |   209 |   442 |   424 ||  1416
       Repelled          |       |       |       |     5 |     4 ||     9

Table legend: (Time is in decaauts)
 A = Elapsed time spent in this place.
 B = Non-inter-level travel time spent in this place.
 C = Inter-level travel time spent in this place.
 D = Time resting spent in this place.
 E = Time spent auto-exploring this place.
 F = Levels seen in this place.
 G = Mean time per level.
                   A        B        C        D        E       F      G
               +--------+--------+--------+--------+--------+-----+--------+
         Total |  16406 |  15251 |   1155 |    914 |  10594 |  22 |  745.7 |
       Dungeon |  10594 |   9722 |    872 |    679 |   6795 |  13 |  814.9 |
        Temple |    231 |    231 |      0 |      0 |    212 |   1 |  231.0 |
          Lair |   3981 |   3728 |    253 |     94 |   2800 |   4 |  995.2 |
         Swamp |    964 |    936 |     28 |    141 |    505 |   2 |  482.0 |
  Orcish Mines |    216 |    216 |      0 |      0 |    144 |   1 |  216.0 |
       Ossuary |    418 |    418 |      0 |      0 |    138 |   1 |  418.0 |
               +--------+--------+--------+--------+--------+-----+--------+

Top non-repeatable levels by time:
  Lair:3: 1167 daAuts
    D:12: 1100 daAuts
     D:7: 1085 daAuts
     D:1: 1054 daAuts
  Lair:1: 1013 daAuts
     D:8: 974 daAuts
    D:11: 942 daAuts
  Lair:2: 908 daAuts
  Lair:4: 891 daAuts
     D:3: 839 daAuts
     D:9: 829 daAuts
     D:2: 796 daAuts
    D:10: 796 daAuts
     D:4: 738 daAuts
     D:6: 724 daAuts
